Map: Eastwatch LE

Players

Mørken - Winner!

  • Race: Zerg Zerg
  • League: Diamond
  • Spawn Location: 7:00

Cellsidus

  • Race: Zerg Zerg
  • League: Diamond
  • Spawn Location: 1:00

VOD

Have the link to the VOD?

Description

Time

  • Played on: Feb. 17, 2018, 10:32 a.m.
  • Length: 10:37
Show
View Real Time Build Order
Export as new Build Order

Mørken Zerg - Winner!

Build Orders: Hatch First 

Get SALT Encoding   

  12  0:01  Drone  
  13  0:12  Overlord  
  13  0:20  Drone  
  14  0:31  Drone  
  14  0:32  Drone  
  14  0:34  Drone  
  17  0:54  Hatchery  
  16  0:57  Drone  
  16  1:01  Drone  
  16  1:04  Extractor  
  17  1:18  Spawning Pool  
  17  1:21  Drone  
  17  1:25  Drone  
  18  1:29  Drone  
  19  1:39  Overlord  
  19  2:03  Drone x2  
  19  2:04  Queen  
  23  2:15  Queen  
  25  2:21  Metabolic Boost  
  25  2:26  Zergling x2  
  26  2:40  Queen  
  28  2:46  Hatchery  
  27  2:52  Drone x2  
  27  2:55  Drone  
  30  3:02  Baneling Nest  
  30  3:04  Drone  
  30  3:07  Drone  
  30  3:11  Drone  
  32  3:13  Drone  
  33  3:20  Overlord  
  32  3:27  Zergling x4  
  32  3:28  Zergling x2  
  32  3:30  Zergling x2  
  36  3:40  Zergling x4  
  38  3:42  Spine Crawler  
  37  3:52  Baneling x4  
  37  3:53  Zergling x2  
  37  3:54  Zergling x4  
  40  4:09  Zergling x14  
  40  4:26  Zergling x8  
  40  4:27  Zergling x4  
  46  4:37  Zergling x2  
  43  4:39  Overlord x2  
  43  4:41  Baneling x3  
  43  4:53  Roach Warren  
  41  5:01  Baneling x2  
  41  5:02  Baneling x2  
  41  5:10  Baneling  
  41  5:19  Zergling x6  
  41  5:20  Zergling x14  
  46  5:32  Zergling x2  
  46  5:33  Zergling x8  
  50  5:42  Lair  
  49  5:46  Drone x2  
  50  5:59  Evolution Chamber  
  50  6:00  Drone x2  
  51  6:08  Drone x3  
  51  6:09  Drone x2  
  54  6:31  Drone x6  
  59  6:34  Extractor  
  58  6:42  Zerg Missile Weapons Level 1  
  58  6:45  Glial Reconstitution  
  57  6:53  Roach  
  59  6:54  Overlord  
  59  6:55  Overlord x2  
  58  7:13  Roach x6  
  58  7:14  Roach x2  
  74  7:19  Extractor  
  73  7:26  Overseer  
  73  7:32  Roach  
  73  7:33  Roach  
  76  7:41  Roach x2  
  80  7:56  Roach  
  82  8:01  Overlord x2  
  82  8:23  Zergling x10  
  82  8:24  Zergling x14  
  88  8:43  Baneling x5  
  88  8:44  Baneling x6  
  82  8:51  Roach x4  
  82  8:52  Hatchery, Roach x2  
  80  9:17  Roach x2  
  80  9:18  Roach x7  
  92  9:29  Roach x2  
  79  9:41  Zergling x8  
  79  9:42  Zergling x2  
  84  9:56  Roach x3  
  84  9:57  Roach x2  
  94  10:15  Roach x2  
  94  10:16  Roach  
  94  10:18  Overlord x2  
Show
View Real Time Build Order
Export as new Build Order

Cellsidus Zerg 

Build Orders: Hatch First, Zergling Baneling 

Get SALT Encoding   

  12  0:01  Drone  
  13  0:12  Overlord  
  13  0:17  Drone  
  14  0:30  Drone x2  
  14  0:34  Drone  
  17  0:53  Hatchery  
  17  0:57  Drone  
  17  1:01  Drone  
  18  1:11  Extractor  
  17  1:16  Spawning Pool  
  16  1:20  Drone  
  16  1:22  Drone  
  18  1:29  Drone  
  19  1:38  Overlord  
  19  1:50  Drone  
  20  2:05  Zergling x2, Queen x2  
  20  2:06  Zergling x2  
  26  2:12  Drone  
  26  2:13  Metabolic Boost  
  27  2:20  Drone  
  28  2:23  Drone  
  29  2:47  Baneling Nest, Drone  
  29  2:51  Hatchery, Drone  
  30  2:54  Zergling x2  
  30  2:56  Zergling x2  
  31  2:59  Zergling x2  
  31  3:02  Drone  
  31  3:05  Drone  
  34  3:10  Overlord  
  34  3:16  Drone x2  
  36  3:29  Overlord  
  36  3:30  Zergling x6  
  36  3:32  Zergling x2  
  36  3:33  Zergling x2  
  41  3:40  Zergling x4  
  43  3:48  Zergling x6  
  48  3:55  Zergling x4  
  48  3:56  Zergling x6  
  48  4:02  Baneling  
  51  4:03  Baneling x5  
  51  4:06  Zergling x2  
  51  4:08  Zergling x2  
  50  4:36  Zergling x6  
  50  4:37  Zergling x4  
  52  4:39  Zergling x2  
  53  4:45  Queen  
  53  4:47  Zergling x6  
  53  4:50  Baneling  
  53  4:51  Baneling x8  
  58  4:59  Overlord x2  
  56  5:28  Zergling x10  
  55  5:30  Zergling x2  
  55  5:31  Zergling x14  
  55  5:32  Zergling x2  
  56  5:44  Zergling x2  
  56  5:45  Zergling x14  
  56  5:49  Baneling  
  64  5:50  Baneling x5  
  55  6:41  Overlord  
  55  6:42  Overlord  
  55  6:45  Lair  
  54  6:47  Extractor, Drone x4  
  54  6:48  Drone x5  
  54  6:49  Extractor, Drone x3  
  54  6:50  Drone x3  
  54  6:52  Extractor, Drone  
  54  6:53  Drone x3  
  69  7:21  Drone x2  
  71  7:28  Extractor  
  70  7:36  Zergling x2  
  70  7:37  Zergling x28  
  84  7:49  Drone  
  85  7:51  Drone x3  
  85  7:52  Drone  
  85  7:53  Overlord x2  
  85  7:54  Overlord x2  
  89  8:11  Roach Warren  
  85  8:23  Zergling x6  
  85  8:24  Zergling x4  
  75  8:52  Roach  
  75  8:53  Roach x17  
  105  9:16  Roach x5  
  105  9:17  Roach  
  81  9:31  Hatchery  
  80  9:42  Drone  
  80  9:43  Drone  
  80  9:44  Drone x4  
  86  9:48  Extractor  
  85  9:57  Drone  
  85  9:58  Drone  
  89  10:08  Roach x3  
  95  10:16  Drone, Evolution Chamber  
  95  10:17  Drone, Evolution Chamber  
Tags
 
Add a new tag
Caveats
  • Supply blocks, unpowered buildings, or Contaminate may cause inaccurate times.
  • Supply counts are checked every 10 seconds.